 Dungeon Crawl Stone Soup version 0.30-a0-629-gd54f4be4f7 (webtiles) character file.

Game seed: 16171767677419607795

1757 zazu2006 the Sneak (level 9, -9/111 HPs)
             Began as a Naga Hedge Wizard on Jan 13, 2023.
             Mangled by a gargoyle
             ... wielding a +0 mace
              (10 damage)
             ... on level 7 of the Dungeon.
             The game lasted 00:19:47 (9451 turns).

zazu2006 the Sneak (Naga Hedge Wizard)              Turns: 9451, Time: 00:19:47

Health: -9/111     AC: 24    Str: 16    XL:     9   Next: 6%
Magic:  14/18      EV:  1    Int: 16    God:
Gold:   394        SH:  0    Dex: 14    Spells: 14/20 levels left

rFire   . . .      SeeInvis +    d - +1 short sword (freeze)
rCold   . . .      Faith    .    (no shield)
rNeg    . . .      Spirit   .    (body armour currently unavailable)
rPois   +          Reflect  .    (helmet currently unavailable)
rElec   .          Harm     .    (cloak currently unavailable)
rCorr   .          Rampage  .    (gloves currently unavailable)
Will    +++..      NoTele   +    (no barding)
Stlth   ++++                     (no amulet)
HPRegen 0.38/turn                s - ring of willpower
MPRegen 0.16/turn                u - +6 ring of dexterity

@: brilliant, tree-form (expiring), hasted, very quick
A: stationary, stasis, torment immunity, boosted hp, AC +3, large, see
invisible, (deformed body), (poison resistance), (slowness 2), spit poison 1,
(naga tail 1), clumsy 1, deterioration 1, strong-willed 1
a: Spit Poison


You were on level 7 of the Dungeon.
You were a tree.
You visited 2 branches of the dungeon, and saw 8 of its levels.
You also visited: Sewer.

You collected 394 gold pieces.

Inventory:

Hand Weapons
 d - a +1 short sword of freezing (weapon)
 D - a +0 scimitar of draining
Armour
 b - a +0 robe (melded)
 c - a +0 hat (melded)
 n - a +0 barding (melded)
 w - a scarf of invisibility (melded)
 E - a +0 pair of gloves
Jewellery
 e - an amulet of faith
 s - a ring of willpower (left branch)
 u - a +6 ring of dexterity (right branch)
 B - a +6 ring of dexterity
Wands
 y - a wand of polymorph (13)
 C - a wand of digging (8)
Scrolls
 f - 7 scrolls of teleportation
 g - a scroll of poison
 h - 4 scrolls of blinking
 j - a scroll of amnesia
 k - 3 scrolls of immolation
 l - 2 scrolls of magic mapping
 m - 3 scrolls of enchant weapon
 p - 2 scrolls of vulnerability
 F - a scroll of fear {unknown}
Potions
 i - 4 potions of flight
 q - a potion of attraction
 r - 2 potions of resistance
 x - a potion of brilliance
 A - a potion of haste


   Skills:
 + Level 2.8 Fighting
 + Level 3.8 Dodging
 + Level 7.7 Stealth
 + Level 6.3 Spellcasting
 + Level 4.6 Conjurations
 + Level 1.0 Summonings
 + Level 1.0 Translocations
 + Level 1.7 Air Magic
 * Level 4.6 Poison Magic


You had 14 spell levels left.
You knew the following spells:

 Your Spells              Type           Power      Damage    Failure   Level
a - Magic Dart            Conj           100%       1d8       1%          1
b - Mephitic Cloud        Conj/Pois/Air  25%        N/A       9%          3
d - Blink                 Tloc           24%        N/A       13%         2

Your spell library contained the following spells:

 Spells                   Type           Power      Damage    Failure   Level
 Cigotuvi's Dreadful Rot  Necr/Pois/Air  34%        N/A       9%          2
 Slow                     Hex            28%        N/A       13%         1
 Call Imp                 Summ           12%        N/A       13%         2
 Gell's Gravitas          Tloc           12%        N/A       26%         3
 Lesser Beckoning         Tloc           24%        N/A       26%         3
 Teleport Other           Tloc           12%        N/A       26%         3
 Inner Flame              Hex/Fire       7%         N/A       36%         3
 Cause Fear               Hex            3%         N/A       78%         4
 Discord                  Hex            3%         N/A       100%        8


Dungeon Overview and Level Annotations

Branches:
Dungeon (7/15)             Temple (1/1) D:6           Sewer (visited)

Altars:
Ashenzari
Cheibriados
Dithmenos
Elyvilon
Fedhas
Gozag
Hepliaklqana
Kikubaaqudgha
Makhleb
Nemelex Xobeh
Okawaru
Qazlal
Ru
Sif Muna
Trog
Wu Jian
Xom
Yredelemnul
Zin
The Shining One

Shops:
D:1 (   D:3 =


Innate Abilities, Weirdness & Mutations

You are a tree.
Your roots penetrate the ground, keeping you stationary.
You cannot be teleported.
You are immune to unholy pain and torment.
Your maximum health is greatly increased.
Your equipment is partially melded.
((Your serpentine skin is tough. (AC +3)))
You have supernaturally acute eyesight. (SInv)
((Armour fits poorly on your strangely shaped body.))
((Your system is resistant to poisons. (rPois)))
((You cover ground very slowly.))
You can spit poison.
((You have a snake-like lower body.))
You are clumsy. (Dex -2)
Your body sometimes deteriorates upon taking damage.
You are strong-willed. (Will+)


Message History

* * * LOW HITPOINT WARNING * * *
You hit the gargoyle but do no damage.
The gargoyle is moderately damaged.
The gargoyle hits you with a +0 mace.
* * * LOW HITPOINT WARNING * * *
You hit the gargoyle but do no damage.
The gargoyle is moderately damaged.
Your transformation is almost over.
As you read the scroll of identify, it crumbles to dust.
h - 4 scrolls of blinking The gargoyle hits you but does no damage.
As you read the scroll of identify, it crumbles to dust.
k - 3 scrolls of immolation The gargoyle hits you but does no damage.
As you read the scroll of identify, it crumbles to dust.
p - 2 scrolls of vulnerability
As you read the scroll of identify, it crumbles to dust.
j - a scroll of amnesia The gargoyle hurls a stone arrow at you.
The stone arrow hits you but does no damage.
The air fills with toxic fumes!
As you read the scroll labelled VUATAUM CYNWE, it crumbles to dust.
It was a scroll of poison.
The gargoyle hurls a stone arrow at you.
The stone arrow hits you!
* * * LOW HITPOINT WARNING * * *
As you read the scroll labelled ZEKYIJO AGUU, it crumbles to dust.
You feel aware of your surroundings.
It was a scroll of magic mapping.
As you read the scroll labelled HYUMAQ UHAICHUZEVE, it crumbles to dust.
It is a scroll of brand weapon.
Your +0 scimitar craves living souls!
D - a +0 scimitar of draining The gargoyle hits you with a +0 mace.
* * * LOW HITPOINT WARNING * * *
Okay, then.
Okay, then.
As you read the scroll labelled LOCZIL FASHRAHUUH, it crumbles to dust.
You feel a surge of unholy energy.
It was a scroll of torment.
The gargoyle hits you with a +0 mace!
You die...

*,,,,,,**#.## *,,,,******,*,,* *
*,,,,,,* *§§##****,,,,,,,,**,****
***,,,*####§.####*,,***,,,,,,,,,*
*,,,,,#.§§§§...#*,,,,,,,,,,***,*
*,,**,#.##§§§#.##.#**,,,,,,***,*
*,,**,#.§§§§§#....# *,,,,,,**,,,
**,,**,#.##§§§§##*** *,***,******
,,,,**,#..#.#§§§### *,***,*#**
,*,***,##.#.#.#§♣9## ***,,..#,***
,,,,,,,*#<#§§§§##§§#####.(#,,,*,,
****,***###§§§.###§§§§..#,,,*,,,*
*,,,* #§§..# ###§§§§(.#,,,*,,
***,* ##...# #.§§§....),,,,
*,****#...#** #..##(.8(.,*,,
*,*,,,.....,**##.#*8.(..,,,,
*****,*,,.....,,*,,...,,.#..,8,*
*,,,,,*,,,,,>,,,*,,....,*.,8,***


You could see a gargoyle.

Vanquished Creatures
  A black bear (D:6)
  An orc warrior (D:6)
  2 sky beasts (D:6)
  2 ogres
  2 phantoms
  A kobold brigand (D:5)
  2 bullfrogs
  A scorpion (D:5)
  5 hounds
  An orc priest (D:5)
  A gnoll bouda (D:5)
  3 jellies
  5 iguanas
  2 orc wizards (D:6)
  A merfolk avatar (Sewer)
  A merfolk siren (Sewer)
  6 adders
  4 gnolls (D:5)
  4 river rats
  2 shadow imps
  2 white imps
  An ufetubus (D:5)
  2 worms
  5 dart slugs
  10 orcs
  9 ball pythons
  11 endoplasms
  9 giant cockroaches
  5 goblins
  3 hobgoblins
  4 jackals (D:1)
  6 quokkas
  6 bats
  5 frilled lizards
  10 kobolds
  24 rats
159 creatures vanquished.

Notes
Turn   | Place    | Note
-------+----------+-------------------------------------------
     0 | D:1      | zazu2006 the Naga Hedge Wizard began the quest for the Orb.
     0 | D:1      | Reached XP level 1. HP: 15/15 MP: 4/4
   288 | D:1      | Reached XP level 2. HP: 22/22 MP: 1/6
   628 | D:1      | Reached XP level 3. HP: 21/28 MP: 4/8
   998 | D:1      | Found Utirch's Weapon Shop.
  1821 | D:2      | Reached XP level 4. HP: 37/37 MP: 7/9
  2840 | D:3      | Found Afiblote's Jewellery Shoppe.
  3440 | D:4      | Noticed a bullfrog
  3447 | D:4      | Killed a bullfrog
  3448 | D:4      | Reached XP level 5. HP: 35/43 MP: 3/11
  3768 | D:4      | Learned a level 3 spell: Mephitic Cloud
  3771 | D:4      | Learned a level 2 spell: Blink
  4409 | D:5      | Entered Level 5 of the Dungeon
  4478 | D:5      | Reached skill level 4 in Stealth
  4478 | D:5      | Reached XP level 6. HP: 33/50 MP: 3/13
  4518 | D:5      | Reached skill level 1 in Fighting
  4518 | D:5      | Reached skill level 5 in Spellcasting
  4566 | D:5      | Gained mutation: You are clumsy. (Dex -2) [potion of
                  | mutation]
  4566 | D:5      | Gained mutation: Your body sometimes deteriorates upon
                  | taking damage. [potion of mutation]
  4566 | D:5      | Gained mutation: You are strong-willed. (Will+) [potion of
                  | mutation]
  4692 | D:5      | Found a glowing drain.
  4706 | Sewer    | Entered a sewer
  5160 | Sewer    | Reached XP level 7. HP: 33/57 MP: 11/14
  5459 | Sewer    | Reached skill level 5 in Stealth
  5846 | D:5      | Reached skill level 1 in Poison Magic
  6382 | D:5      | Reached XP level 8. HP: 56/66 MP: 12/16
  6760 | D:6      | Reached skill level 6 in Stealth
  6972 | D:6      | Reached skill level 1 in Air Magic
  7661 | D:6      | Found a staircase to the Ecumenical Temple.
  7678 | Temple   | Entered the Ecumenical Temple
  7695 | Temple   | Reached skill level 7 in Stealth
  8672 | D:6      | Reached XP level 9. HP: 60/74 MP: 15/18
  9399 | D:7      | Noticed a gargoyle
  9399 | D:7      | Found the +6 shillelagh "Devastator" {shatter}
  9448 | D:7      | HP: 5/111 [gargoyle/stone arrow (11)]
  9450 | D:7      | HP: 1/111 [gargoyle/+0 mace (5)]
  9451 | D:7      | Mangled by a gargoyle

Illustrated notes

Levels and vault maps discovered:
D:1:      saegor_arrival_simple_d, layout_loops_cross, serial_shops, shop,
          dk_noncrumbling_3, due_unseen_surprise
D:2:      layout_loops_ring
D:3:      layout_basic, serial_shops, shop, hangedman_decor_clover_reticule,
          st_stairs_7, bh_walls_and_bars
D:4:      layout_cave_pools, minmay_misc_feat_alley, palyth_stone_intersect,
          serial_bayou_pond_b
D:5:      layout_loops_cross, gup_sewer_entry_spiral
D:6:      layout_layer_cave, minmay_temple_entry_sparse_star,
          grunt_decor_resistance
D:7:      layout_basic, dilly_guarded_unrand_devastator, uniq_joseph
Temple:   mainiacjoe_temple_big_plus

Skill      XL: |  1  2  3  4  5  6  7  8 |
---------------+-------------------------+-----
Dodging        | 2 3 |  3.8
Spellcasting   | 4 5 6 |  6.3
Conjurations   | 2 3 4 |  4.6
Stealth        | 4 5 7 |  7.7
Fighting       | 1 2 |  2.8
Poison Magic   | 2 4 |  4.6
Air Magic      | 1 |  1.7
Summonings     | |  1.0
Translocations | |  1.0

Action                   |  1- 3 |  4- 6 |  7- 9 || total
-------------------------+-------+-------+-------++-------
Melee: Dagger            |    35 |    21 |       ||    56
       Punch             |       |     1 |     8 ||     9
       Short sword       |       |    49 |   184 ||   233
 Cast: Magic Dart        |    87 |   148 |   115 ||   350
       Mephitic Cloud    |       |     4 |    18 ||    22
 Abil: Spit Poison       |    18 |    15 |    23 ||    56
Evoke: Wand              |       |       |     1 ||     1
  Use: Potion            |       |     7 |     4 ||    11
       Scroll            |       |       |    10 ||    10
 Stab: Sleeping          |     1 |     3 |     6 ||    10
       Invisible         |       |     3 |       ||     3
       Confused          |       |     1 |    13 ||    14
Armor: Robe              |    13 |    13 |    66 ||    92
       Skin              |       |       |    11 ||    11
Dodge: Dodged            |    33 |    60 |    69 ||   162

Table legend: (Time is in decaauts)
 A = Elapsed time spent in this place.
 B = Non-inter-level travel time spent in this place.
 C = Inter-level travel time spent in this place.
 D = Time resting spent in this place.
 E = Time spent auto-exploring this place.
 F = Levels seen in this place.
 G = Mean time per level.
                   A        B        C        D        E       F      G
               +--------+--------+--------+--------+--------+-----+--------+
         Total |  11530 |  11211 |    319 |    212 |   9244 |   9 | 1281.1 |
       Dungeon |   9683 |   9400 |    283 |    202 |   7772 |   7 | 1383.3 |
        Temple |    717 |    681 |     36 |      0 |    659 |   1 |  717.0 |
         Sewer |   1129 |   1129 |      0 |     10 |    812 |   1 | 1129.0 |
               +--------+--------+--------+--------+--------+-----+--------+

Top non-repeatable levels by time:
     D:6: 2299 daAuts
     D:5: 1888 daAuts
     D:1: 1554 daAuts
     D:2: 1431 daAuts
     D:4: 1227 daAuts
     D:3: 1212 daAuts
   Sewer: 1129 daAuts
  Temple: 717 daAuts
     D:7: 69 daAuts
